Map: Neon Violet Square LE

Players

fruitcake - Winner!

  • Race: Terran Terran
  • Spawn Location: 11:00

A.I. 1 (Harder)

  • Race: Protoss Protoss
  • Spawn Location: 5:00

VOD

Have the link to the VOD?

Description

Time

  • Played on: May 6, 2018, 7:37 a.m.
  • Length: 8:06
Show
View Real Time Build Order
Export as new Build Order

fruitcake Terran - Winner!

Build Orders: MMM Bio 

Get SALT Encoding   

  12  0:00  SCV  
  13  0:15  Supply Depot  
  13  0:18  SCV  
  14  0:27  Refinery  
  14  0:30  SCV  
  15  0:43  SCV  
  15  0:49  Barracks  
  16  0:55  SCV  
  17  1:07  SCV  
  18  1:14  Barracks  
  18  1:19  SCV  
  19  1:31  SCV  
  20  1:32  Refinery  
  20  1:36  Marine  
  21  1:43  SCV  
  21  1:44  Supply Depot  
  22  1:47  Engineering Bay  
  22  1:55  SCV  
  23  2:06  Marine  
  24  2:09  Supply Depot  
  24  2:16  SCV  
  24  2:22  Barracks Reactor  
  25  2:25  Barracks Tech Lab  
  25  2:36  Orbital Command  
  25  2:42  Terran Infantry Weapons Level 1  
  25  2:47  Marauder  
  27  2:59  Supply Depot  
  27  3:03  Barracks  
  27  3:04  Marine x2  
  29  3:08  Stimpack  
  29  3:13  Marauder  
  31  3:35  Marine x2  
  31  3:40  Supply Depot  
  33  3:46  Supply Depot  
  33  3:52  Marauder  
  33  3:53  Marine x2, Barracks Reactor  
  37  4:11  Marine x2  
  37  4:14  Marauder  
  41  4:29  Marine x3  
  44  4:33  Marine  
  44  4:35  Marauder  
  44  4:37  Terran Infantry Armor Level 1  
  47  4:46  Marine  
  47  4:47  Marine  
  47  4:50  Marine  
  47  4:51  Marine  
  51  4:56  Marauder  
  53  5:04  Marine  
  53  5:05  Marine  
  55  5:09  Combat Shields  
  55  5:10  Supply Depot  
  55  5:14  Marine  
  55  5:16  Marine  
  55  5:18  Marauder  
  59  5:27  Marine  
  60  5:30  Marine  
  60  5:33  Supply Depot  
  61  5:39  Marauder  
  61  5:41  Supply Depot  
  63  5:54  Marine  
  63  5:55  Marine x3  
  65  6:03  Marauder  
  67  6:12  Marine x2  
  69  6:23  Marine x2  
  71  6:30  Marine, Marauder  
  74  6:33  Supply Depot  
  74  6:47  Marine x2  
  74  6:49  Concussive Shells  
  74  6:52  Marauder  
  74  6:53  Marine  
  79  6:56  Marine  
  79  6:57  Supply Depot  
  80  7:07  Marine  
  81  7:13  Marauder  
  78  7:20  Marine x2  
  67  7:35  Marauder  
Show
View Real Time Build Order
Export as new Build Order

A.I. 1 (Harder) Protoss 

Build Orders:  

Get SALT Encoding   

  12  0:00  Probe  
  13  0:13  Probe  
  14  0:21  Pylon  
  14  0:25  Probe  
  15  0:35  Probe  
  16  0:43  Probe  
  16  0:48  Assimilator  
  17  0:50  Gateway  
  17  0:52  Probe  
  18  1:00  Pylon, Probe  
  19  1:23  Probe  
  20  1:37  Zealot  
  20  1:39  Cybernetics Core  
  22  1:45  Gateway  
  22  1:48  Assimilator  
  22  1:55  Zealot  
  22  2:05  Warp Gate  
  24  2:09  Pylon  
  24  2:22  Zealot  
  26  2:31  Adept  
  28  2:44  Pylon  
  28  2:49  Zealot  
  30  2:58  Zealot  
  32  3:13  Probe  
  32  3:16  Stalker  
  35  3:25  Stalker, Probe  
  38  3:27  Pylon  
  38  3:37  Probe  
  39  3:45  Forge  
  39  3:46  Adept  
  41  3:49  Probe  
  41  3:55  Stalker  
  44  4:00  Probe  
  45  4:08  Probe  
  45  4:16  Probe  
  46  4:28  Probe  
  47  4:37  Protoss Ground Weapons Level 1  
  47  4:55  Sentry  
  47  4:57  Gateway  
  49  5:00  Pylon  
  49  5:03  Sentry  
  51  5:18  Stalker  
  53  5:22  Pylon  
  53  5:26  Stalker  
  55  5:32  Photon Cannon  
  55  5:40  Photon Cannon  
  55  5:41  Stalker  
  55  5:42  Robotics Facility  
  56  5:49  Sentry  
  58  5:56  Sentry  
  60  6:02  Twilight Council  
  60  6:04  Stalker  
  62  6:16  Zealot  
  50  6:20  Nexus  
  50  6:30  Observer  
  51  6:45  Stalker  
  53  6:53  Stalker  
  55  7:01  Stalker  
  57  7:02  Observer  
  58  7:14  Zealot  
  56  7:22  Zealot  
  30  7:30  Sentry  
  30  7:34  Zealot  
  28  7:42  Stalker  
  21  7:53  Stalker  
Tags
 
Add a new tag
Caveats
  • Supply blocks, unpowered buildings, or Contaminate may cause inaccurate times.
  • Supply counts are checked every 10 seconds.